 Dungeon Crawl Stone Soup version bcrawl-1.21.2-1-g32d02e0829 (webtiles) character file.

Game seed: 17301825687060890898

85478 Foic the Eclecticist (level 15, -1/75 HPs)
             Began as an Avariel Conjurer on Feb 17, 2020.
             Was a High Priest of Vehumet.
             Slain by a seven-headed hydra (5 damage)
             ... on level 3 of the Swamp on Feb 18, 2020.
             The game lasted 03:50:46 (33474 turns).

Foic the Eclecticist (Avariel Conjurer)            Turns: 33474, Time: 03:50:47

Health: -1/75      AC: 14    Str: 13    XL:     15   Next: 84%
Magic:  8/51       EV: 13    Int: 31    God:    Vehumet [*****.]
Gold:   1450       SH: 11    Dex: 19    Spells: 6/50 levels left

rFire    . . .     SeeInvis +   z - staff of power
rCold    + + .     Gourm    .   i - +2 shield of Resistance {rF+ rC+ MR+}
rNeg     . . .     Faith    .   H - +0 troll leather armour
rPois    .         Spirit   .   C - +0 helmet
rElec    .         Reflect  .   L - +1 cloak "Puettoet" {Dex+6 Slay+2}
rCorr    .         Harm     .   U - +1 pair of gloves {Str+3}
MR       ++...                  x - +0 pair of boots
Stlth    +++.......             (no amulet)
HPRegen  0.62/turn              I - ring "Etasmo" {Ice Str+4 Int+3 SInv}
MPRegen  0.32/turn              W - ring of wizardry

@: very slightly contaminated
A: able to fly
a: Fly, Renounce Religion


You were on level 3 of the Swamp.
You worshipped Vehumet.
Vehumet was extremely pleased with you.
You were hungry.

You visited 5 branches of the dungeon, and saw 21 of its levels.
You also visited: Gauntlet.

You collected 2360 gold pieces.
You spent 910 gold pieces at shops.

Inventory:

Hand Weapons
 O - the +9 rapier of Foic's Quick Death {pierce, +Fly Int+4 SInv}
   (You found it on level 3 of the Lair of Beasts)

   It inflicts extra damage upon your enemies.
   It affects your intelligence (+4).
   It lets you see invisible.
   It lets you fly.
Missiles
 a - 117 poisoned tomahawks (quivered)
 F - 3196 arrows
Armour
 g - +0 swamp dragon scales
 i - the +2 shield of Resistance (worn) {rF+ rC+ MR+}
   (You took it off a death knight on level 8 of the Dungeon)

   It protects you from fire.
   It protects you from cold.
   It affects your resistance to hostile enchantments.
 x - a +0 pair of boots (worn)
 C - a +0 helmet (worn)
 H - a +0 troll leather armour (worn)
 K - the +5 plate armour of Jusig {rN+ Str-5 Dex+4}
   (You found it on level 5 of the Dungeon)

   It affects your strength (-5).
   It affects your dexterity (+4).
   It protects you from negative energy.
 L - the +1 cloak "Puettoet" (worn) {Dex+6 Slay+2}
   (You found it on level 5 of the Dungeon)

   It affects your dexterity (+6).
   It affects your accuracy and damage with ranged weapons and melee attacks
   (+2).
 U - a +1 pair of gloves of strength (worn)
 Y - a +2 large shield
Magical Staves
 v - an uncursed staff of air
 z - an uncursed staff of power (weapon)
 S - an uncursed staff of summoning
 T - an uncursed staff of death
Jewellery
 b - the ring of Contentment {MR+ Dex+4}
   (You took it off a minotaur in a Gauntlet)

   [ring of protection from magic]

   It affects your dexterity (+4).
   It affects your resistance to hostile enchantments.
 h - an uncursed ring of see invisible
 m - an uncursed ring of magical power
 s - an uncursed ring of resist corrosion
 B - an uncursed ring of protection from magic
 E - a +4 ring of evasion
 I - the ring "Etasmo" (left hand) {Ice Str+4 Int+3 SInv}
   (You took it off a death knight on level 8 of the Dungeon)

   [ring of ice]

   It enhances your ice magic.
   It affects your strength (+4).
   It affects your intelligence (+3).
   It makes you vulnerable to fire.
   It protects you from cold.
   It lets you see invisible.
 W - a ring of wizardry (right hand)
Wands
 l - a wand of disintegration (10)
 J - a wand of acid (5)
 R - a wand of enslavement (10)
 X - a wand of polymorph (32)
Scrolls
 f - 3 scrolls of enchant weapon
 j - 5 scrolls of blinking
 k - 4 scrolls of magic mapping
 o - 4 scrolls of remove curse
 p - 4 scrolls of amnesia
 q - 7 scrolls of identify
 y - 4 scrolls of teleportation
 G - 2 scrolls of fear
Potions
 d - a potion of heal wounds
 n - a potion of berserk rage
 r - 2 potions of haste
 u - 2 potions of curing
 w - 2 potions of magic
 A - 5 potions of lignification
 D - a potion of might
 P - 3 potions of mutation
 Q - 3 potions of brilliance
 Z - 2 potions of cancellation
Miscellaneous
 t - a phantom mirror
 N - a phial of floods
 V - 3 boxes of beasts
Comestibles
 e - 26 rations {!d}


   Skills:
 + Level 1.7 Fighting
 * Level 13.5 Armour
 + Level 5.4 Dodging
 + Level 5.1 Stealth
 + Level 3.2 Shields
 + Level 18.0 Spellcasting
 + Level 17.3 Conjurations
 + Level 10.0 Hexes
 + Level 0.1 Translocations
 + Level 4.4 Transmutations
 + Level 5.4 Air Magic
 + Level 3.2 Poison Magic


You had 6 spell levels left.
You knew the following spells:

 Your Spells              Type           Power        Failure   Level  Hunger
a - Magic Dart            Conj           ####         0%          1    None
b - Iskenderun's Mystic   Conj           #######.     0%          3    None
c - Irradiate             Conj/Tmut      #######...   1%          5    None
d - Dazzling Spray        Conj/Hex       ######       1%          3    None
e - Confuse               Hex            ######..     1%          3    None
f - Swiftness             Chrm/Air       #####...     1%          2    None
g - Lightning Bolt        Conj/Air       #######...   1%          5    None
h - Sting                 Conj/Pois      ####         1%          1    None
i - Tukima's Dance        Hex            ######..     1%          3    None
j - Passwall              Tmut/Erth      #####...     1%          2    None
k - Yara's Violent Unrav  Hex/Tmut       ######....   1%          4    None
l - Mana Rupture          Conj/Hex       #######...   2%          7    ####...
m - Blink                 Tloc           N/A          4%          2    None
n - Teleport Other        Tloc           ####....     9%          3    None

Your spell library contained the following spells:

 Spells                   Type           Power        Failure   Level  Hunger
 Icicle Burst             Conj/Ice       #######...   19%         7    ####...
 Searing Ray              Conj           #######.     0%          2    None
 Beastly Appendage        Tmut           ######       1%          1    None
 Corona                   Hex            ######.      1%          1    None
 Sandblast                Erth           ####..       1%          1    None
 Shock                    Conj/Air       #####        1%          1    None
 Ensorcelled Hibernation  Hex/Ice        ######       1%          2    None
 Sticks to Snakes         Tmut           ######..     1%          2    None
 Leda's Liquefaction      Hex/Erth       ######....   1%          3    None
 Spider Form              Tmut/Pois      ###          1%          3    None
 Static Discharge         Air            ######..     1%          3    None
 Stone Arrow              Conj/Erth      ######       1%          3    None
 Airstrike                Air            ######....   1%          4    None
 Fulminant Prism          Conj/Hex       #######...   1%          4    None
 Bolt of Magma            Conj/Fire/Erth ######....   2%          5    None
 Blink Other              Tloc           ####..       3%          1    None
 Iron Shot                Conj/Erth      ######....   4%          6    None
 Portal Projectile        Tloc           ####..       9%          3    None
 Metabolic Englaciation   Hex/Ice        ######....   12%         5    None
 Ice Form                 Ice/Tmut       ######..     13%         4    None
 Petrify                  Tmut/Erth      #####...     13%         4    None
 Blade Hands              Tmut           ######....   14%         5    None
 Lee's Rapid Deconstruct  Erth           ####......   21%         5    None
 Passage of Golubria      Tloc           N/A          61%         5    None
 Statue Form              Tmut/Erth      #####....    86%         6    None
 Shatter                  Erth           ####......   100%        9    #######


Dungeon Overview and Level Annotations

Branches:
Dungeon (10/12)            Temple (1/1) D:6            Lair (6/6) D:9
  Swamp (3/3) Lair:3       Spider (0/3) Lair:3        Slime (0/5) Lair:6
    Orc (1/1) D:10            Elf (0/3) Orc

Altars:
Ashenzari
Cheibriados
Dithmenos
Elyvilon
Fedhas
Gozag
Hepliaklqana
Kikubaaqudgha
Lugonu
Makhleb
Nemelex Xobeh
Okawaru
Qazlal
Ru
Sif Muna
Trog
Uskayaw
Vehumet
Wu Jian
Xom
Yredelemnul
Zin
The Shining One
Jiyva

Shops:
D:4 ?   D:6 *   D:10 (   Orc :([*:

Annotations:
D:6 exclusion: oklob plant
D:7 2 transporters, Quickbrownfox's ghost, novice FrAE Orc 3 runed translucent doors, 1500g lvl8 air chain lighting, Chiseanne's ghost, journeyman DsAc


Innate Abilities, Weirdness & Mutations

You can fly continuously.


Message History

The eight-headed hydra twists and deforms.
The seven-headed hydra is blasted with magical radiation!!!
The seven-headed hydra is almost dead.
The seven-headed hydra twists and deforms.
The eight-headed hydra bites you.
The eight-headed hydra bites you but does no damage.
The eight-headed hydra bites you.
* * * LOW HITPOINT WARNING * * *
You block the eight-headed hydra's attack.
The eight-headed hydra bites you but does no damage.
The eight-headed hydra bites you.
* * * LOW HITPOINT WARNING * * *
The eight-headed hydra bites you.
* * * LOW HITPOINT WARNING * * *
The eight-headed hydra bites you.
* * * LOW HITPOINT WARNING * * *
The seven-headed hydra completely misses you.
The seven-headed hydra bites you but does no damage.
The seven-headed hydra bites you.
You die...

♣♣♣ .♣♣≈.≈≈§.... ..♣♣ ♣...♣
♣♣....≈≈≈.≈≈§ ≈≈.♣
..≈≈.♣♣..≈≈.≈≈≈≈≈≈≈ ≈≈≈♣
..≈..§≈≈≈≈≈≈≈≈≈≈≈≈ ≈≈≈♣
♣♣♣...≈≈≈≈≈≈.§D.≈♣ ≈≈≈♣♣
♣≈...≈≈≈≈≈≈t♣♣♣ ..≈≈♣
♣♣.≈≈≈≈≈≈≈≈≈.≈≈♣
≈.^≈♣♣♣.≈≈≈≈≈..≈D≈§..♣♣♣♣♣♣♣
≈≈.........≈≈...@DW≈......≈♣
≈†.≈≈≈≈≈≈..≈≈.♣≈)..♣.≈≈≈≈§.♣
≈≈.≈≈≈≈≈≈≈≈≈≈<♣♣♣♣♣♣..≈.≈≈≈.
≈≈..§≈≈≈≈≈≈≈.♣♣ ♣§.≈.≈...
......≈..≈≈≈≈.♣♣ ♣♣........
.........≈≈≈≈.≈♣ ♣.....≈≈≈.
..###...§.....♣♣ ♣.)≈.≈.≈.#
##...#...♣♣♣♣♣♣ ♣)..≈..≈#≈#
#.....#♣♣♣ ♣♣.♣..n#≈♣≈


You could see an alligator, an eight-headed hydra, a seven-headed hydra and a
shadow (invisible).

Vanquished Creatures
  Gastronok (D:8)
  2 thorn hunters (Swamp:2)
  An orc warlord (Orc)
  A minotaur (Gauntlet)
  9 hydras
  Erica (D:8)
  A ghost crab (Swamp:1)
  3 two-headed ogres
  A merfolk avatar (Lair:6)
  3 centaur warriors
  A tengu warrior (D:7)
  7 alligators
  3 death yaks
  A death knight (D:8)
  Sonja (Lair:5)
  3 orc high priests (Orc)
  2 swamp dragons
  An obsidian statue (D:9)
  2 cyclopes (D:7)
  5 orc knights (Orc)
  An orange crystal statue (D:9)
  2 manticores
  5 orc sorcerers (Orc)
  4 ugly things (D:10)
  A moth of wrath (Gauntlet)
  A salamander (Lair:2)
  8 elephants
  Maurice (D:8)
  An orange demon (Swamp:3)
  A torpor snail (Lair:3)
  3 black mambas
  An ice statue (Gauntlet)
  7 cane toads
  7 rime drakes
  7 komodo dragons
  3 trolls
  5 tyrant leeches
  2 bog bodies (Swamp:3)
  2 hornets
  24 blink frogs
  A meliai zombie (D:8)
  3 wind drakes (Lair:6)
  4 dream sheep (Lair:5)
  10 slime creatures
  8 hippogriffs
  2 centaur simulacra (Gauntlet)
  2 spriggans
  A shadow (Swamp:1)
  3 wyverns
  2 basilisks
  33 yaks
  7 vampire mosquitoes
  2 wargs
  7 swamp worms
  7 insubstantial wisps
  10 water moccasins
  16 crocodiles
  8 porcupines
  A hornet zombie (D:10)
  A sky beast (D:6)
  A meliai simulacrum (Gauntlet)
  25 orc warriors
  6 swamp drakes
  2 ice beasts
  4 phantoms
  13 wolves
  4 boggarts (Swamp:2)
  6 centaurs
  5 ogres
  11 bullfrogs
  2 big kobolds
  2 hornet simulacra (Gauntlet)
  5 scorpions
  6 killer bees (D:8)
  2 wights (D:3)
  10 electric eels
  5 howler monkeys
  4 crimson imps
  5 centaur zombies
  2 hounds
  2 lava snakes (Lair:2)
  A quasit (D:7)
  20 orc priests
  3 jellies
  3 bullfrog skeletons
  6 iguanas
  23 orc wizards
  5 worker ants
  A hound zombie (D:6)
  Robin (D:3)
  A howler monkey zombie (D:8)
  2 worker ant zombies (D:5)
  13 adders
  3 gnolls
  A howler monkey skeleton (D:7)
  4 shadow imps
  2 oozes
  An adder zombie (D:7)
  5 worms
  An adder skeleton (D:8)
  3 dart slugs
  3 leopard geckos
  77 orcs
  5 giant cockroaches
  15 goblins
  14 hobgoblins
  12 jackals
  18 kobolds
  A quokka (D:4)
  A ball python (D:2)
  6 bats
  3 frilled lizards
  A leopard gecko zombie (D:6)
  7 rats
  5 fungi
  A plant (Lair:1)
653 creatures vanquished.

Vanquished Creatures (others)
  2 blink frogs (Lair:5)
  17 fungi
  5 plants
24 creatures vanquished.

Grand Total: 677 creatures vanquished

Notes
Turn   | Place    | Note
-------+----------+-------------------------------------------
     0 | D:1      | Foic the Avariel Conjurer began the quest for the Orb.
     0 | D:1      | Reached XP level 1. HP: 10/10 MP: 6/6
   140 | D:1      | Reached XP level 2. HP: 15/15 MP: 0/7
   328 | D:1      | Reached skill level 3 in Spellcasting
   691 | D:1      | Reached XP level 3. HP: 19/19 MP: 7/9
   696 | D:1      | Learned a level 3 spell: Iskenderun's Mystic Blast
  1425 | D:2      | Reached XP level 4. HP: 24/24 MP: 6/10
  1914 | D:3      | HP: 1/24 [something/magic dart (5)]
  2313 | D:3      | Reached XP level 5. HP: 20/28 MP: 0/12
  2669 | D:3      | Learned a level 5 spell: Irradiate
  2740 | D:3      | Noticed Robin
  2892 | D:3      | Reached skill level 1 in Armour
  3052 | D:3      | Killed Robin
  3249 | D:3      | Reached skill level 4 in Spellcasting
  3266 | D:3      | Reached XP level 6. HP: 30/32 MP: 0/14
  3992 | D:3      | Found a glowing golden altar of the Shining One.
  4658 | D:4      | Reached XP level 7. HP: 36/36 MP: 6/16
  4770 | D:4      | Reached skill level 5 in Spellcasting
  4915 | D:4      | Noticed a hippogriff
  4920 | D:4      | Killed a hippogriff
  5249 | D:4      | Reached skill level 6 in Spellcasting
  5249 | D:4      | Reached XP level 8. HP: 41/41 MP: 5/19
  5404 | D:4      | Found a shattered altar of Ashenzari.
  5863 | D:4      | Found Xenovut's Magic Scroll Shoppe.
  6060 | D:5      | Entered Level 5 of the Dungeon
  6196 | D:5      | Reached skill level 7 in Spellcasting
  6560 | D:5      | Found a shadowy altar of Dithmenos.
  6807 | D:5      | Found a hide-covered altar of Uskayaw.
  6941 | D:5      | Reached skill level 10 in Conjurations
  6987 | D:5      | Found a large runed door.
  6990 | D:5      | Found a large runed door.
  7005 | D:5      | Found a large runed door.
  7005 | D:5      | Found a large runed door.
  7007 | D:5      | Found the +8 whip "Snakebite" {curare, rPois}
  7010 | D:5      | Noticed a troll
  7013 | D:5      | Killed a troll
  7013 | D:5      | Reached skill level 5 in Armour
  7013 | D:5      | Reached skill level 8 in Spellcasting
  7013 | D:5      | Gained mutation: You can fly continuously. [Avariel growth]
  7013 | D:5      | Reached XP level 9. HP: 46/46 MP: 12/23
  7834 | D:5      | Got a faintly humming plate armour
  7841 | D:5      | Got an ichor-stained cloak
  7852 | D:5      | Identified the +1 cloak "Puettoet" {Dex+6 Slay+2} (You
                  | found it on level 5 of the Dungeon)
  7876 | D:5      | Reached skill level 9 in Spellcasting
  7889 | D:5      | Learned a level 3 spell: Dazzling Spray
  7893 | D:5      | Learned a level 3 spell: Confuse
  7976 | D:6      | Reached skill level 1 in Fighting
  8376 | D:6      | Learned a level 2 spell: Swiftness
  8507 | D:6      | Found a staircase to the Ecumenical Temple.
  8513 | Temple   | Entered the Ecumenical Temple
  8742 | Temple   | Became a worshipper of Vehumet
  8749 | Temple   | Learned a level 5 spell: Lightning Bolt
  8774 | D:6      | Found Zin's Purification Station.
  8774 | D:6      | Found a glowing silver altar of Zin.
  8893 | D:6      | Found a blossoming altar of Fedhas.
  8911 | D:6      | Noticed an oklob plant
  9171 | D:7      | Reached skill level 1 in Hexes
  9482 | D:7      | Noticed a cyclops
  9496 | D:7      | Reached skill level 10 in Spellcasting
  9505 | D:7      | Reached XP level 10. HP: 36/52 MP: 4/26
  9806 | D:7      | Killed a cyclops
  9996 | D:7      | Reached * piety under Vehumet
  9996 | D:7      | Offered knowledge of Sting by Vehumet.
  9999 | D:7      | Learned a level 1 spell: Sting
 10184 | D:7      | Found a transporter.
 10191 | D:7      | Noticed a moth of wrath
 10238 | D:7      | Found a transporter.
 10251 | D:7      | Noticed Quickbrownfox's ghost (novice FrAE)
 10253 | D:7      | Found a bloodstained altar of Trog.
 10373 | D:7      | Noticed a cyclops
 10391 | D:7      | Reached skill level 1 in Poison Magic
 10533 | D:7      | Killed a cyclops
 10702 | D:7      | Found a sparkling altar of Nemelex Xobeh.
 10705 | D:7      | Found a shimmering blue altar of Sif Muna.
 10706 | D:7      | Found a shimmering altar of Xom.
 10881 | D:8      | Found a white marble altar of Elyvilon.
 10881 | D:8      | Noticed Maurice
 10887 | D:8      | Noticed a centaur warrior
 10888 | D:8      | Killed Maurice
 10888 | D:8      | Reached skill level 11 in Spellcasting
 10995 | D:8      | Killed a centaur warrior
 11282 | D:8      | Noticed Erica
 11287 | D:8      | Killed Erica
 11287 | D:8      | Reached skill level 5 in Hexes
 11291 | D:8      | Noticed a tengu warrior
 11353 | D:8      | Noticed a centaur warrior
 11686 | D:8      | Reached XP level 11. HP: 18/56 MP: 9/28
 11693 | D:8      | Noticed a death knight
 11885 | D:8      | Reached skill level 12 in Spellcasting
 12229 | D:7      | Killed a tengu warrior
 12505 | D:8      | Learned a level 3 spell: Tukima's Dance
 12508 | D:8      | Learned a level 2 spell: Passwall
 12539 | D:8      | Identified the ring "Etasmo" {Ice Str+4 Int+3 SInv}
 12568 | D:8      | Reached ** piety under Vehumet
 12568 | D:8      | Offered knowledge of Throw Frost by Vehumet.
 12925 | D:8      | Killed a centaur warrior
 12925 | D:8      | Reached skill level 1 in Air Magic
 13016 | D:8      | Killed a death knight
 13124 | D:8      | Noticed Gastronok
 13136 | D:8      | Killed Gastronok
 13136 | D:8      | Reached skill level 13 in Spellcasting
 13136 | D:8      | Reached skill level 1 in Transmutations
 13136 | D:8      | Reached XP level 12. HP: 61/61 MP: 0/31
 13395 | D:8      | Found an opulent altar of Gozag.
 13586 | D:8      | Got a crude whip
 13736 | D:9      | Noticed a centaur warrior
 13741 | D:9      | Killed a centaur warrior
 14277 | D:9      | Noticed a two-headed ogre
 14437 | D:9      | Noticed a two-headed ogre
 14593 | D:9      | Found a hazy altar of Hepliaklqana.
 14941 | D:9      | Killed a two-headed ogre
 15086 | D:9      | Offered knowledge of Conjure Flame by Vehumet.
 15249 | D:9      | Noticed a two-headed ogre
 15295 | D:9      | Killed a two-headed ogre
 15295 | D:9      | Reached skill level 1 in Shields
 15389 | D:9      | Found an iron altar of Okawaru.
 15415 | D:9      | Found a staircase to the Lair.
 15450 | D:9      | Noticed a soul eater
 15656 | D:9      | Found a sacrificial altar of Ru.
 16045 | Lair:1   | Entered Level 1 of the Lair of Beasts
 16074 | Lair:1   | Reached *** piety under Vehumet
 16209 | Lair:1   | Learned a level 4 spell: Yara's Violent Unravelling
 16501 | D:9      | Reached skill level 14 in Spellcasting
 17015 | Lair:1   | Reached skill level 10 in Armour
 17777 | Lair:2   | Offered knowledge of Sticky Flame by Vehumet.
 17777 | Lair:2   | Reached XP level 13. HP: 64/65 MP: 30/33
 18937 | Lair:2   | Identified the +3 whip "Puah" {pain, *Corrode Str+4 Int+2
                  | Dex+3} (You found it on level 8 of the Dungeon)
 19222 | Lair:2   | Identified the +5 plate armour of Jusig {rN+ Str-5 Dex+4}
                  | (You found it on level 5 of the Dungeon)
 19320 | Lair:3   | Found a staircase to the Swamp.
 19476 | Lair:3   | Reached **** piety under Vehumet
 19903 | Lair:3   | Got a dazzling rapier
 19904 | Lair:3   | Identified the +9 rapier of Foic's Quick Death {pierce,
                  | +Fly Int+4 SInv} (You found it on level 3 of the Lair of
                  | Beasts)
 20063 | Lair:3   | Found a hole to the Spider Nest.
 20542 | Lair:4   | Reached skill level 15 in Spellcasting
 20544 | Lair:4   | Offered knowledge of Inner Flame by Vehumet.
 21431 | Lair:4   | Reached skill level 15 in Conjurations
 22930 | Lair:5   | Reached XP level 14. HP: 70/70 MP: 35/35
 22940 | Lair:5   | Noticed Sonja
 22941 | Lair:5   | Killed Sonja
 22950 | Lair:5   | Reached skill level 16 in Spellcasting
 23404 | Lair:6   | Entered Level 6 of the Lair of Beasts
 23412 | Lair:6   | Reached ***** piety under Vehumet
 23414 | Lair:6   | Offered knowledge of Throw Icicle by Vehumet.
 25283 | Lair:6   | Reached skill level 5 in Dodging
 25333 | Lair:6   | Found a viscous altar of Jiyva.
 25333 | Lair:6   | Found a staircase to the Slime Pits.
 25432 | Lair:6   | Learned a level 7 spell: Mana Rupture
 26257 | D:10     | Entered Level 10 of the Dungeon
 26267 | D:10     | Found Zeips's Antique Weapon Shoppe.
 26372 | D:10     | Found a staircase to the Orcish Mines.
 26794 | D:10     | Reached skill level 5 in Air Magic
 27186 | Orc      | Entered the Orcish Mines
 27188 | Orc      | Found a gate leading to a gauntlet.
 27337 | Orc      | Found Tezenusu's Book Emporium.
 27351 | Orc      | Bought a book of Spatial Translocations for 910 gold pieces
 27354 | Orc      | Learned a level 2 spell: Blink
 27358 | Orc      | Learned a level 3 spell: Teleport Other
 27365 | Gauntlet | Entered a Gauntlet
 27365 | Gauntlet | Found a transporter.
 27365 | Gauntlet | Found a transporter.
 27382 | Gauntlet | Found a transporter.
 27388 | Gauntlet | Found a transporter.
 27404 | Gauntlet | Found a transporter.
 27419 | Gauntlet | Found a transporter.
 27435 | Gauntlet | Found a transporter.
 27452 | Gauntlet | Found a transporter.
 27472 | Gauntlet | Found a transporter.
 27494 | Gauntlet | Found a transporter.
 27969 | Gauntlet | Identified the ring of Contentment {MR+ Dex+4}
 27977 | Gauntlet | HP: 1/70 [minotaur/steel javelin (24)]
 28184 | Orc      | Found a runed translucent gate.
 28184 | Orc      | Found a runed translucent gate.
 28184 | Orc      | Found a runed translucent gate.
 28184 | Orc      | Noticed Chiseanne's ghost (journeyman DsAc)
 28610 | Orc      | Found a staircase to the Elven Halls.
 28628 | Orc      | Reached skill level 17 in Spellcasting
 28660 | Orc      | Offered knowledge of Bolt of Cold by Vehumet.
 28886 | Orc      | Noticed an orc warlord
 28887 | Orc      | Reached XP level 15. HP: 74/74 MP: 36/38
 28891 | Orc      | Killed an orc warlord
 29764 | Orc      | Offered knowledge of Icicle Burst by Vehumet.
 30343 | Orc      | Found Toazis's General Store.
 30344 | Orc      | Found Jeriluu's Book Boutique.
 30345 | Orc      | Found Irryroco's Antique Armour Boutique.
 30345 | Orc      | Found Naud's Antique Weapon Shop.
 30677 | Swamp:1  | Entered Level 1 of the Swamp
 30684 | Swamp:1  | Reached skill level 5 in Stealth
 31711 | Swamp:2  | Noticed a thorn hunter
 31715 | Swamp:2  | Killed a thorn hunter
 32319 | Swamp:2  | Noticed a thorn hunter
 32323 | Swamp:2  | Killed a thorn hunter
 32323 | Swamp:2  | Reached skill level 10 in Hexes
 33057 | Swamp:3  | Entered Level 3 of the Swamp
 33253 | Swamp:3  | Reached skill level 18 in Spellcasting
 33474 | Swamp:3  | Slain by a seven-headed hydra

Skill      XL: |  1  2  3  4  5  6  7  8  9 10 11 12 13 14 15 |
---------------+----------------------------------------------+-----
Spellcasting   | 3 4 6 8 10 11 13 14 15 17 18 | 18.0
Conjurations   | 6 7 8 9 10 11 12 13 14 15 16 17 | 17.3
Stealth        | 3 4 5 |  5.1
Armour         | 1 2 3 5 6 7 8 10 11 12 13 | 13.5
Dodging        | 3 4 5 |  5.4
Fighting       | 1 |  1.7
Hexes          | 2 5 6 7 8 9 10 | 10.0
Poison Magic   | 2 3 |  3.2
Air Magic      | 1 3 4 5 |  5.4
Transmutations | 1 2 3 4 |  4.4
Shields        | 1 2 3 |  3.2
Translocations | |  0.1

Action                   |  1- 3 |  4- 6 |  7- 9 | 10-12 | 13-15 || total
-------------------------+-------+-------+-------+-------+-------++-------
Melee: Staff             |       |     2 |       |   104 |       ||   106
       Rapier            |       |       |       |       |     1 ||     1
 Cast: Magic Dart        |    66 |   142 |   170 |   102 |   111 ||   591
       Iskenderun's Myst |     5 |    19 |    79 |   123 |   322 ||   548
       Confuse           |       |       |    10 |    17 |     3 ||    30
       Dazzling Spray    |       |       |     4 |    90 |   247 ||   341
       Sting             |       |       |       |   107 |    18 ||   125
       Irradiate         |       |       |       |    21 |    89 ||   110
       Lightning Bolt    |       |       |       |    33 |    96 ||   129
       Tukima's Dance    |       |       |       |     1 |       ||     1
       Swiftness         |       |       |       |     1 |       ||     1
       Yara's Violent Un |       |       |       |     5 |     3 ||     8
       Mana Rupture      |       |       |       |       |    12 ||    12
       Teleport Other    |       |       |       |       |     2 ||     2
       Blink             |       |       |       |       |     1 ||     1
  Use: Potion            |       |     5 |       |     8 |     4 ||    17
       Scroll            |       |     2 |     5 |     5 |    10 ||    22
  Eat: Chunk             |     2 |    11 |    11 |    11 |    35 ||    70
       Ration            |       |       |     1 |     5 |     4 ||    10
Armor: Robe              |     1 |       |       |       |       ||     1
       Leather armour    |       |     9 |     5 |    24 |       ||    38
       Ring mail         |       |       |    37 |       |       ||    37
       Skin              |       |       |       |    38 |       ||    38
       Troll leather arm |       |       |       |    24 |    49 ||    73
Dodge: Dodged            |     1 |    42 |    44 |   165 |   109 ||   361
Block: Shield            |       |       |       |    40 |    96 ||   136
